FIQ, neutral male gnomish Wizard ------------------------------- .G....................%........| H----------------------------..| |...........%........*.....|..| |...........%.<....%..........| ---........%......[..........|.%| |................^...........|..| ------------------------------ FIQ the Thaumaturge Experience level: 9 Strength: 10 Dexterity: 11 Constitution: 15 Intelligence: 17 Wisdom: 13 Charisma: 9 Health: 0(65) Energy: 28(80) Def: 1 Gold: 13 Moves: 2127 Dungeon seed: JVL4r23bk-3mApzN Game ID: FIQ_1445423116 Your Inventory: Coins $ - 13 gold pieces Amulets y - an uncursed amulet of reflection (being worn) Weapons a - a blessed +1 quarterstaff (weapon in hands) f - an uncursed thoroughly corroded +2 aklys u - an uncursed +0 elven dagger Armor e - an uncursed +0 cloak of magic resistance (being worn) Comestibles g - 2 uncursed food rations p - 4 uncursed lichen corpses v - an uncursed orange A - an uncursed slime mold Scrolls m - an uncursed scroll of enchant weapon Potions z - an uncursed potion of fruit juice D - an uncursed potion of see invisible F - an uncursed potion of gain ability Rings i - a cursed ring of teleportation Wands w - an uncursed wand of speed monster (0:5) G - an uncursed wand of cold (0:7) Tools h - an uncursed +0 unicorn horn k - an uncursed credit card l - an uncursed brass lantern (0:1156) t - an uncursed towel H - an uncursed tooled horn Spells and supernatural/magical abilities: Name Level Category Fail Memory a - force bolt 1 attack 0% 90% h - healing 1 healing 0% 90% m - magic missile 2 attack 0% 97% W - pray for help -- divine ? -- Your skills at the end: Miscellaneous Skills wands [Basic] Weapon Skills quarterstaff [Basic] crossbow [Basic] Spellcasting Skills attack spells [Basic] enchantment spells [Basic] Final Attributes: You were stridently aligned. You were cold resistant. You were shock resistant. You were poison resistant. You were magic-protected. You were telepathic. You had infravision. You were fast. You had reflection. You were unlucky. You are dead. Vanquished creatures: 15 black puddings 2 giants a giant spider a white unicorn a fire ant a bugbear an Uruk-hai a rock mole a pony 2 fog clouds a shrieker a gnome lord 2 kobold mummies a golden naga hatchling 3 giant ants a floating eye a dwarf an iguana 3 hill orcs a giant bat a monkey a wererat a killer bee 8 coyotes 6 hobbits an acid blob a large kobold 2 geckos 4 hobgoblins a cave spider 2 gnomes 2 garter snakes 3 manes a gnome zombie 8 jackals a fox a kobold 6 newts 2 goblins 2 sewer rats a grid bug 6 lichens 2 kobold zombies 104 creatures vanquished. Voluntary challenges: You used a wielded weapon 130 times, starting on turn 12. You did not apply a unicorn horn. You read items or engraved 2 times, starting on turn 1423. You never genocided any monsters. You never polymorphed an object. You never changed form. You used no wishes. You split 14 puddings, starting on turn 56. You never wrote Elbereth's name. You violated your moral code, losing 7 points of alignment, starting on turn 1921. Dungeon overview: The Dungeons of Doom: levels 1 to 2 Level 1 a sink a long staircase Level 2 a general store, a sink stairs to The Gnomish Mines The Gnomish Mines: levels 3 to 11 Level 3 stairs to The Dungeons of Doom Level 6 some shops, a temple to Ptah, a magic chest, some fountains Level 7 Level 8 Level 9 Level 10 Level 11 <- You were here History has recorded: On T:1 you entered the Dungeons of Doom to retrieve the Amulet of Yendor! On T:74 you advanced to experience level 2. On T:76 you advanced to experience level 3. On T:79 you advanced to experience level 4. On T:91 you advanced to experience level 5. On T:160 you advanced to experience level 6. On T:172 you advanced to experience level 7. On T:416 you advanced to experience level 8. On T:831 you reached level 2 of The Dungeons of Doom. On T:1261 you reached level 1 of The Gnomish Mines. On T:1314 you reached level 4 of The Gnomish Mines. On T:1331 you entered the Minetown temple On T:1352 you opened a magic chest. On T:1352 you opened a magic chest. On T:1410 you opened a magic chest. On T:1435 you opened a magic chest. On T:1579 you reached level 5 of The Gnomish Mines. On T:1614 you reached level 6 of The Gnomish Mines. On T:1746 you reached level 7 of The Gnomish Mines. On T:1840 you reached level 8 of The Gnomish Mines. On T:1904 you reached level 9 of The Gnomish Mines. On T:1904 you reached the bottom of the Mines. On T:1965 you advanced to experience level 9. Score breakdown: Gold: 13 ( 1 points) Experience: 9 levels ( 800 points) Exploration: 11 levels ( 300 points) Discoveries: 11 items ( 550 points) Variety of kills: 43 monsters ( 2000 points) Major goal: reached Mine's End ( 1000 points) Survival: died (score multiplied by 3) Total score: 13953 Latest messages: The magic missile hits the white unicorn! The magic missile bounces! The white unicorn butts! The white unicorn kicks! The gnomish wizard casts a spell! The gnomish wizard looks better. The white unicorn butts! The white unicorn kicks! You begin praying to Thoth. The giant punches you! You die... Final status: Goodbye FIQ the Wizard, killed by a giant, while praying... You died in The Gnomish Mines on dungeon level 11 with 13953 points, and 13 pieces of gold, after 2127 moves. You were level 9 with a maximum of 65 hit points when you died.